 Dungeon Crawl Stone Soup version 0.27-a0-1081-ge8a0a9c698 (webtiles) character file.

Game seed: 17759550119388348472

1663 gimp the Chopper (level 9, -1/65 HPs)
             Began as a Djinni Fighter on Apr 26, 2021.
             Was an Initiate of Okawaru.
             Slain by a wight
             ... wielding a +4 dire flail of freezing
              (7 damage)
             ... on level 4 of the Dungeon.
             The game lasted 00:08:20 (8360 turns).

gimp the Chopper (Djinni Fighter)                   Turns: 8360, Time: 00:08:21

Health: -1/65      AC: 11    Str: 18    XL:     9   Next: 1%
Gold:   127        EV:  7    Int: 12    God:    Okawaru [......] SH: 10 Dex: 14

rFire    + + .     SeeInvis .   a - +1 war axe
rCold    x . .     Faith    .   c - +0 kite shield
rNeg     . . .     Spirit   .   b - +0 scale mail
rPois    ∞         Reflect  .   w - +2 helmet {Int+3}
rElec    .         Harm     .   C - +0 cloak
rCorr    .         Rampage  .   (no gloves)
Will     .....                  (boots unavailable)
Stlth    ..........             (no amulet)
HPRegen  0.20/turn              (no ring)
MPRegen  0.00/turn              (no ring)

@: flying
A: fire resistance 2, cold vulnerability 1, float, innate caster, hp casting,
extra vitality 1
a: Renounce Religion


You were on level 4 of the Dungeon.
You worshipped Okawaru.
Okawaru was noncommittal.
You visited 1 branch of the dungeon, and saw 7 of its levels.

You collected 359 gold pieces.
You spent 232 gold pieces at shops.

Inventory:

Hand Weapons
 a - a +1 war axe (weapon)
 B - the +7 falchion of Caustir {vorpal, rElec Stlth+}
   (You found it on level 5 of the Dungeon)

   It inflicts extra damage upon your enemies.
   It insulates you from electricity.
   It makes you more stealthy.
Missiles
 v - 30 poisoned darts
 A - 6 javelins (quivered)
Armour
 b - a +0 scale mail (worn)
 c - a +0 kite shield (worn)
 w - a +2 helmet of intelligence (worn)
 C - a +0 cloak (worn)
Scrolls
 k - 2 scrolls of immolation
 m - a scroll of teleportation
Potions
 d - a potion of might
 e - a potion of cancellation
 f - a potion of haste
 g - a potion of magic {unknown}
 h - 3 potions of lignification {unknown}
 i - a potion of mutation {unknown}
 j - 2 potions of attraction {unknown}
 l - 2 potions of invisibility {unknown}
 n - a potion of heal wounds {unknown}
 q - a potion of degeneration {unknown}
 r - 3 potions of curing
 s - 2 potions of flight {unknown}
 t - 2 potions of ambrosia
 u - a potion of brilliance
 z - a potion of resistance


   Skills:
 - Level 5.0 Fighting
 + Level 7.1 Axes
 + Level 4.4 Armour
 - Level 5.0 Shields
 + Level 3.1 Invocations


You couldn't memorise any spells.
You knew the following spells:

 Your Spells              Type           Power      Damage    Failure   Level
a - Animate Skeleton      Necr           0%         N/A       98%         1
b - Corpse Rot            Necr/Air       N/A        N/A       99%         2
c - Frozen Ramparts       Ice            0%         1d2       100%        3
d - Dispel Undead         Necr           0%         3d6       100%        4
Your spell library was empty.


Dungeon Overview and Level Annotations

Branches:
Dungeon (7/15)
 Temple: D:4-7

Altars:
Makhleb
Nemelex Xobeh
Okawaru
Vehumet

Shops:
D:3 [


Innate Abilities, Weirdness & Mutations

You are immune to poison.
Your flesh is very heat resistant. (rF++)
You are vulnerable to cold. (rC-)
You float through the air rather than walking.
You learn spells naturally, not from books.
Your magical power is your life essence.
You have superior vitality. (+4 HP)


Message History

The wight hits you from afar with a +0 spear.
You take 1 damage, and have 36/65 hp.
The wight hits you with a +0 spear.
Things that are here:
a +1 long sword of freezing; a +0 robe You take 1 damage, and have 35/65 hp.
The wight hits you but does no damage. You block the wight's attack.
Found a scroll of identify.
There is a stone staircase leading up here.
The wight hits you but does no damage.
You fly upwards.
There is a stone staircase leading down here.
You closely miss the wight. The wight hits you but does no damage.
The wight hits you with a +4 dire flail of freezing!
The wight freezes you!
* * * LOW HITPOINT WARNING * * *
You take 24 damage, and have 14/65 hp.
MASSIVE DAMAGE!!
You are too injured to fight recklessly!
You are too injured to fight recklessly!
You are too injured to fight recklessly!
There is a stone staircase leading up here.
You block the wight's attack.
You fly upwards.
There is a stone staircase leading down here.
There is a stone staircase leading down here.
There is an escape hatch in the floor here.
There is a stone staircase leading up here.
The wight hits you with a +4 dire flail of freezing!
* * * LOW HITPOINT WARNING * * *
The wight freezes you.
* * * LOW HITPOINT WARNING * * *
You fly upwards.
There is a stone staircase leading down here.
You take 12 damage, and have 14/65 hp.
There is an open door here.
The wight hits you with a +4 dire flail of freezing!
* * * LOW HITPOINT WARNING * * *
The wight freezes you!
You die...

...........#...#.....#.#...#...#.
...........#...#.....#...........
#.############+#>....###...#...#†
#.#...............#####..........
..#...............# ###########
..#...............# #....).....
..#...............# #..........
(.#...............# #..........
[##............z@.#####.....o....
[.#.....#'####'##.........####'##
..#.....'.......#.........#.....'
..#.....#..>.(..#.......).#.....#
........#..)....+......(..#.....#
........#'#######.........#####'#
..#######..##...######'#<........
..# #.....#..........#.........
..# #.....#..........#.........


You could see a wight.

Vanquished Creatures
  Pikel (D:6)
  Menkaure (D:6)
  A water moccasin (D:5)
  A black bear (D:5)
  An ice beast (D:5)
  A sky beast (D:6)
  An ogre (D:5)
  A phantom (D:4)
  A wyvern zombie (D:5)
  A water moccasin skeleton (D:4)
  A wight (D:7)
  A crimson imp (D:5)
  A bullfrog zombie (D:5)
  A hound (D:4)
  A jelly (D:6)
  A gnoll shaman (D:5)
  An orc priest (D:4)
  An iguana (D:4)
  2 orc wizards
  4 gnolls (D:5)
  6 adders
  A worm (D:4)
  14 orcs
  2 endoplasms
  2 giant cockroaches
  4 goblins
  6 hobgoblins
  4 jackals (D:2)
  5 kobolds
  5 quokkas
  4 ball pythons
  7 bats
  2 frilled lizards (D:3)
  4 rats
90 creatures vanquished.

Vanquished Creatures (others)
  8 plants (D:2)
8 creatures vanquished.

Grand Total: 98 creatures vanquished

Notes
Turn   | Place    | Note
-------+----------+-------------------------------------------
     0 | D:1      | gimp the Djinni Fighter began the quest for the Orb.
     0 | D:1      | Reached XP level 1. HP: 20/20 MP: 0/0
   465 | D:1      | Reached XP level 2. HP: 25/25 MP: 0/0
   547 | D:1      | Found a faded altar of an unknown god.
  1439 | D:2      | Reached XP level 3. HP: 17/31 MP: 0/0
  1439 | D:2      | Learned a level 1 spell: Animate Skeleton
  2390 | D:3      | Found Daskadac's Antique Armour Shoppe.
  2522 | D:3      | Reached XP level 4. HP: 32/38 MP: 0/0
  3383 | D:4      | Reached skill level 5 in Fighting
  3383 | D:4      | Reached XP level 5. HP: 26/43 MP: 0/0
  3383 | D:4      | Learned a level 2 spell: Corpse Rot
  3742 | D:4      | Reached skill level 2 in Axes
  4003 | D:4      | Reached XP level 6. HP: 14/49 MP: 0/0
  4254 | D:4      | Reached skill level 3 in Axes
  4254 | D:4      | Reached skill level 5 in Shields
  4736 | D:4      | Found a sparkling altar of Nemelex Xobeh.
  4957 | D:3      | Bought a runed helmet for 232 gold pieces
  5163 | D:5      | Entered Level 5 of the Dungeon
  5174 | D:5      | Reached XP level 7. HP: 26/54 MP: 0/0
  5174 | D:5      | Learned a level 3 spell: Frozen Ramparts
  5361 | D:5      | Reached skill level 4 in Axes
  5668 | D:5      | Reached skill level 5 in Axes
  5678 | D:5      | Identified the +7 falchion of Caustir {vorpal, rElec
                  | Stlth+}
  6056 | D:5      | Reached XP level 8. HP: 22/59 MP: 0/0
  6278 | D:5      | Reached skill level 6 in Axes
  6572 | D:5      | Found a burning altar of Makhleb.
  6780 | D:6      | Noticed Menkaure
  6787 | D:6      | Killed Menkaure
  6990 | D:6      | Found an iron altar of Okawaru.
  7005 | D:6      | Became a worshipper of Warmaster Okawaru
  7049 | D:6      | Noticed Pikel
  7114 | D:6      | Killed Pikel
  7190 | D:6      | Reached skill level 7 in Axes
  8271 | D:7      | Reached XP level 9. HP: 36/65 MP: 0/0
  8271 | D:7      | Learned a level 4 spell: Dispel Undead
  8360 | D:4      | Slain by a wight

Illustrated notes

Levels and vault maps discovered:
D:1:      minmay_arrival_nine_rooms, layout_loops_ring,
          ebering_ecumenical_altar_petrified
D:2:      wad_lake_hut, layout_basic, nrook_mini_vaults
D:3:      layout_loops_ring, serial_shops, shop
D:4:      layout_gridville, lemuel_coloured_pillars_altar
D:5:      layout_rooms, grunt_temple_overflow_lords_of_destruction
D:6:      layout_layer_cave, okawaru_gym_becter, uniq_menkaure, uniq_pikel
D:7:      cheibrodos_fzero, layout_basic, nicolae_ru_great_annihilating_truth,
          lemuel_blue_sif_altar, minmay_temple_entry_nine_rooms,
          kennysheep_generic_room_16, uniq_duvessa, uniq_maggie

Skill      XL: |  1  2  3  4  5  6  7  8 |
---------------+-------------------------+-----
Fighting       | 4 5 |  5.0
Shields        | 4 5 |  5.0
Axes           | 2 3 5 7 |  7.1
Armour         | 4 |  4.4
Invocations    | 3 |  3.1

Action                   |  1- 3 |  4- 6 |  7- 9 || total
-------------------------+-------+-------+-------++-------
Melee: War axe           |   119 |   143 |   161 ||   423
Throw: Dart              |       |     3 |       ||     3
       Javelin           |       |       |     2 ||     2
  Use: Scroll            |       |       |    15 ||    15
       Potion            |       |       |     2 ||     2
Armor: Scale mail        |    79 |    54 |    86 ||   219
Dodge: Dodged            |    47 |    51 |    35 ||   133
Block: Kite shield       |    68 |    78 |    89 ||   235

Table legend: (Time is in decaauts)
 A = Elapsed time spent in this place.
 B = Non-inter-level travel time spent in this place.
 C = Inter-level travel time spent in this place.
 D = Time resting spent in this place.
 E = Time spent auto-exploring this place.
 F = Levels seen in this place.
 G = Mean time per level.
                   A        B        C        D        E       F      G
               +--------+--------+--------+--------+--------+-----+--------+
         Total |   8597 |   8254 |    343 |      7 |   6927 |   7 | 1228.1 |
       Dungeon |   8597 |   8254 |    343 |      7 |   6927 |   7 | 1228.1 |
               +--------+--------+--------+--------+--------+-----+--------+

Top non-repeatable levels by time:
     D:4: 1887 daAuts
     D:6: 1610 daAuts
     D:5: 1585 daAuts
     D:3: 1258 daAuts
     D:2: 1116 daAuts
     D:1: 1081 daAuts
     D:7: 57 daAuts
